 Dungeon Crawl Stone Soup version 0.24-a0-417-g1cce26a4d2 (webtiles) character file.

Game seed: 14597223433456962831

198 Lanoc the Stinger (level 5, -5/35 HPs)
             Began as a Merfolk Venom Mage on June 10, 2019.
             Was an Initiate of Nemelex Xobeh.
             Slain by Edmund
             ... wielding a +3 dire flail of protection
              (13 damage)
             ... on level 4 of the Dungeon.
             The game lasted 00:06:56 (2177 turns).

Lanoc the Stinger (Merfolk Venom Mage)              Turns: 2177, Time: 00:06:57

Health: -5/35      AC:  2    Str:  9    XL:     5   Next: 76%
Magic:  5/8        EV: 14    Int: 15    God:    Nemelex Xobeh [......]
Gold:   130        SH:  0    Dex: 14    Spells: 1/8 levels left

rFire    . . .     SeeInvis .   h - +2 spear (venom)
rCold    . . .     Gourm    .   (no shield)
rNeg     . . .     Faith    .   a - +0 robe
rPois    .         Spirit   .   (no helmet)
rElec    .         Reflect  .   (no cloak)
rCorr    .         Harm     .   (no gloves)
MR       +....                  (no boots)
Stlth    ++........             (no amulet)
HPRegen  0.11/turn              i - ring of protection from magic
MPRegen  0.11/turn              (no ring)

@: very slightly contaminated
A: change form in water, swift swim, stealthy swim
a: Draw Escape, Draw Destruction, Draw Summoning, Renounce Religion


You were on level 4 of the Dungeon.
You worshipped Nemelex Xobeh.
Nemelex Xobeh was noncommittal.
You were near starving.

You visited 1 branch of the dungeon, and saw 4 of its levels.

You collected 130 gold pieces.

Inventory:

Hand Weapons
 h - a +2 spear of venom (weapon)
Armour
 a - a +0 robe (worn)
Jewellery
 i - a ring of protection from magic (left hand)
Scrolls
 b - a scroll of teleportation {unknown}
 d - a scroll of amnesia {unknown}
 g - 2 scrolls of identify {unknown}
 j - a scroll of random uselessness {unknown}
 l - a scroll of remove curse {unknown}
 m - a scroll of enchant armour {unknown}
Potions
 e - 2 potions of heal wounds {unknown}
 f - 2 potions of degeneration {unknown}
 k - 2 potions of might {unknown}
 n - a potion of ambrosia {unknown}
 o - a potion of curing {unknown}
 p - 2 potions of magic {unknown}
Comestibles
 c - 5 rations


   Skills:
 + Level 2.4 Polearms
 + Level 4.2 Dodging
 - Level 2.1 Stealth
 - Level 2.0 Spellcasting
 - Level 2.1 Conjurations
 * Level 5.1 Poison Magic
 * Level 0.0 Invocations


You had one spell level left.
You knew the following spells:

 Your Spells              Type           Power        Failure   Level  Hunger
a - Sting                 Conj/Pois      ##..         4%          1    #......
b - Poisonous Vapours     Pois/Air       #.....       12%         2    ###....
c - Olgreb's Toxic Radia  Pois           ###.....     26%         4    #####..

Your spell library contained the following spells:

 Spells                   Type           Power        Failure   Level  Hunger
 Mephitic Cloud           Conj/Pois/Air  #.......     24%         3    ###....
 Venom Bolt               Conj/Pois      ##........   80%         5    ######.


Dungeon Overview and Level Annotations

Branches:
Dungeon (4/15)
 Temple: D:4-7

Altars:
Makhleb
Nemelex Xobeh
Xom

Annotations:
D:4 Edmund


Message History

You closely miss Edmund.
Edmund is severely wounded.
Edmund hits you with a +3 dire flail of protection.
You barely miss Edmund.
Edmund is severely wounded.
Edmund looks more healthy.
Edmund hits you with a +3 dire flail of protection!
* * * LOW HITPOINT WARNING * * *
Casting: Sting (safe; 4% risk of failure)
Confirm with . or Enter, or press ? or * to list all spells.
Aiming: Sting (safe; 4% risk of failure)
Press: ? - help, Shift-Dir - straight line, f/p - Edmund
Aim: Edmund, wielding a +3 dire flail of protection and wearing a +0 leather armour (severely wounded)
The sting hits Edmund but does no damage.
Edmund is poisoned.
Edmund is severely wounded.
You are near starving!
Edmund hits you with a +3 dire flail of protection!
You die...
Your body disappears without a glow.

#.........
#..........
#.....[.....
#............
.............
##.............
#..............
#.@@...........
#..............
#.....?.......
#..........#
##........#####
##...........#
#.#....[....#
#..#........>#
....###.#.#####


You could see Edmund.

Vanquished Creatures
  A crimson imp (D:3)
  An orc wizard (D:3)
  4 gnolls (D:2)
  An ooze (D:3)
  A worm (D:2)
  2 leopard geckos
  6 orcs (D:3)
  A ball python (D:2)
  5 giant cockroaches (D:1)
  7 goblins
  8 hobgoblins
  16 jackals (D:3)
  8 bats
  7 frilled lizards
  6 kobolds
  9 rats
83 creatures vanquished.

Vanquished Creatures (others)
  5 toadstools (D:1)
5 creatures vanquished.

Grand Total: 88 creatures vanquished

Notes
Turn   | Place    | Note
-------+----------+-------------------------------------------
     0 | D:1      | Lanoc the Merfolk Venom Mage began the quest for the Orb.
     0 | D:1      | Reached XP level 1. HP: 13/13 MP: 3/3
   262 | D:1      | Reached skill level 1 in Conjurations
   271 | D:1      | Reached XP level 2. HP: 19/19 MP: 0/5
   348 | D:1      | Learned a level 2 spell: Poisonous Vapours
   604 | D:1      | Reached XP level 3. HP: 24/24 MP: 4/6
   617 | D:1      | Reached skill level 4 in Poison Magic
   927 | D:2      | Reached XP level 4. HP: 30/30 MP: 4/7
   943 | D:2      | Reached skill level 1 in Polearms
  1066 | D:2      | Learned a level 4 spell: Olgreb's Toxic Radiance
  1514 | D:3      | Reached XP level 5. HP: 35/35 MP: 8/8
  1675 | D:3      | Found a burning altar of Makhleb.
  1676 | D:3      | Found a shimmering altar of Xom.
  1680 | D:3      | Reached skill level 5 in Poison Magic
  1739 | D:3      | Found a sparkling altar of Nemelex Xobeh.
  1771 | D:3      | Became a worshipper of Nemelex Xobeh the Trickster
  1790 | D:3      | Received a gift from Nemelex Xobeh
  2159 | D:4      | Noticed Edmund
  2177 | D:4      | Slain by Edmund

Levels and vault maps discovered:
D:1:      ldierk_walled_garden, layout_rooms, minmay_bisected
D:2:      layout_loops_cross, nicolae_tso_carved_into_rock,
          lemuel_zombie_altar_kikubaaqudgha, minmay_box_of_dots, uniq_robin
D:3:      layout_loops_corners, grunt_temple_overflow_champion_of_chaos,
          old_standard_altar, first_ration
D:4:      layout_rooms, lemuel_doored_altar, uniq_eustachio, uniq_edmund,
          uniq_ijyb

Skill      XL: |  1  2  3  4  5 |
---------------+----------------+-----
Conjurations   | 1 2 |  2.1
Dodging        | 3 4 |  4.2
Poison Magic   | 4 5 |  5.1
Polearms       | 1 2 |  2.4
Stealth        | |  2.1
Spellcasting   | |  2.0

Action                   |  1- 3 |  4- 6 || total
-------------------------+-------+-------++-------
Melee: Unarmed           |    46 |       ||    46
       Spear             |     3 |   116 ||   119
 Cast: Sting             |    45 |    16 ||    61
 Abil: Draw Destruction  |       |     3 ||     3
 Stab: Sleeping          |       |     6 ||     6
  Eat: Chunk             |     1 |     3 ||     4
Armor: Robe              |    12 |    11 ||    23
Dodge: Dodged            |    60 |    60 ||   120

Table legend:
 A = Non-vault XP
 B = Vault XP
 C = Vault XP percentage of total XP
 D = Non-vault monster count
 E = Vault monster count
 F = Vault count percentage of total count
                 A         B        C        D         E       F
            +---------+---------+-------+---------+---------+-------
      Total |     225 |      58 |  20.5 |      77 |       6 |   7.2
            +---------+---------+-------+---------+---------+-------
        D:1 |      44 |       6 |  12.0 |      29 |       3 |   9.4
        D:2 |      72 |       4 |   5.3 |      11 |       2 |  15.4
        D:3 |     109 |      48 |  30.6 |      37 |       1 |   2.6
            +---------+---------+-------+---------+---------+-------
